Map: Kairos Junction LE

Players

aLive

  • Race: Terran Terran
  • Spawn Location: 11:00

herO - Winner!

  • Race: Protoss Protoss
  • Spawn Location: 5:00

Event: IEM Season 13: Katowice (2019)

VOD

Have the link to the VOD?

Description

Time

  • Played on: Feb. 25, 2019, 2:45 p.m.
  • Length: 15:32

All games in this series

Show
View Real Time Build Order
Export as new Build Order

aLive Terran 

Build Orders: Gas First Reaper Expand 

Get SALT Encoding   

  12  0:00  SCV  
  13  0:13  SCV  
  14  0:17  Supply Depot  
  14  0:25  SCV  
  14  0:28  Refinery  
  15  0:38  SCV  
  16  0:46  Barracks  
  16  0:50  SCV  
  17  1:02  SCV  
  18  1:14  SCV  
  19  1:33  Reaper, Orbital Command  
  20  1:54  Command Center  
  20  2:00  Factory  
  21  2:03  Refinery  
  21  2:06  SCV  
  21  2:08  Barracks Reactor  
  21  2:18  SCV  
  22  2:24  Supply Depot  
  22  2:30  SCV  
  23  2:45  SCV, Marine  
  23  2:46  Starport, Hellion  
  23  2:47  Marine  
  28  2:54  Supply Depot  
  28  2:57  SCV  
  29  3:06  Marine x2  
  31  3:15  Widow Mine, SCV  
  34  3:22  Medivac  
  34  3:25  Marine x2  
  38  3:30  SCV  
  38  3:32  Orbital Command  
  39  3:37  Widow Mine  
  41  3:43  SCV  
  41  3:46  Marine x2  
  44  3:53  Barracks  
  44  3:55  Starport Tech Lab  
  44  3:58  SCV x2  
  44  4:02  Factory Tech Lab  
  46  4:08  Supply Depot  
  46  4:10  SCV  
  46  4:11  SCV, Marine x2  
  46  4:15  Raven  
  50  4:27  SCV x2  
  50  4:28  Supply Depot  
  51  4:33  Marine  
  51  4:36  Marine  
  54  4:42  SCV  
  54  4:43  SCV  
  53  4:50  Supply Depot  
  53  4:51  Barracks  
  53  4:52  Factory Reactor  
  53  4:54  Stimpack  
  53  4:56  Marine x2  
  53  4:57  Marauder  
  53  4:58  SCV x2  
  59  5:02  Refinery  
  59  5:04  Engineering Bay  
  59  5:10  SCV x2  
  59  5:12  Supply Depot  
  61  5:15  Starport Reactor  
  61  5:20  Supply Depot  
  61  5:22  SCV x2  
  61  5:24  Marine x2  
  61  5:25  Marauder  
  67  5:30  Widow Mine x2  
  67  5:31  Terran Infantry Weapons Level 1  
  71  5:37  SCV x2  
  73  5:47  Marauder, Marine x2  
  73  5:48  Combat Shield, Marine  
  78  5:53  Widow Mine x2, Medivac  
  82  5:57  SCV x2  
  82  6:02  Refinery  
  82  6:03  Supply Depot  
  84  6:15  SCV x2  
  86  6:19  Command Center  
  86  6:28  Barracks  
  86  6:30  Barracks  
  86  6:34  Ghost Academy  
  86  6:35  Marine  
  86  6:36  Marauder x2, Marine  
  86  6:39  Widow Mine  
  90  6:42  Liberator x2, Widow Mine  
  81  7:00  Widow Mine  
  88  7:03  Widow Mine  
  74  7:26  Marine x2  
  74  7:27  Marauder  
  70  7:31  Marauder  
  70  7:36  Orbital Command  
  72  7:38  Barracks Tech Lab  
  72  7:39  Barracks Reactor  
  72  7:42  Concussive Shells  
  72  7:43  Terran Infantry Armor Level 1  
  72  7:49  Marauder, Marine x2  
  76  7:52  Marauder  
  76  7:56  SCV  
  79  8:01  Widow Mine  
  79  8:02  Widow Mine  
  83  8:09  Marine x2  
  85  8:14  Supply Depot  
  85  8:15  Marauder  
  87  8:20  Marine x2  
  89  8:28  Medivac x2  
  89  8:31  Marine  
  94  8:38  Supply Depot  
  94  8:42  Supply Depot  
  94  8:51  Marine x3  
  97  9:07  Marine  
  97  9:08  Marauder x2  
  100  9:29  SCV x2  
  100  9:36  Widow Mine x2, Marine x4  
  101  9:58  Marine x4  
  101  9:59  Marauder x2  
  84  10:00  Marauder  
  84  10:02  Widow Mine x2  
  88  10:12  Medivac x2  
  90  10:25  Widow Mine x2  
  92  10:32  Marine  
  92  10:33  Marine x3  
  87  10:41  Orbital Command  
  87  10:42  Marauder x3  
  74  11:03  Widow Mine x2  
  74  11:04  Marine x3  
  63  11:12  Marine x2  
  64  11:21  Orbital Command  
  53  11:44  Widow Mine x2  
  57  11:55  Marauder x2  
  61  12:04  Marine x3  
  64  12:11  Widow Mine  
  64  12:12  Widow Mine  
  68  12:17  Liberator x2  
  68  12:21  SCV  
  68  12:22  SCV  
  70  12:34  Widow Mine x2  
  81  12:41  Marine x2  
  81  12:42  Marine x2  
  80  12:57  Marauder x2  
  78  13:12  Marine x4  
  82  13:15  Marauder  
  82  13:17  Orbital Command  
  82  13:18  Marauder  
  74  13:41  Marine x4  
  70  13:42  Marauder  
  69  13:57  SCV x2  
  64  14:12  Widow Mine x2  
  68  14:22  Marauder x3  
  74  14:35  Widow Mine x2  
  78  14:52  Marine x3  
  77  14:53  Marauder x2, Marine  
  77  14:56  Marauder  
Show
View Real Time Build Order
Export as new Build Order

herO Protoss - Winner!

Build Orders: 1 Gate Expand, Zealot Archon, Archon Drop 

Get SALT Encoding   

  12  0:00  Probe  
  13  0:12  Probe  
  14  0:19  Pylon  
  14  0:23  Probe  
  15  0:33  Probe  
  15  0:39  Gateway  
  15  0:41  Probe  
  16  0:48  Assimilator  
  17  0:52  Probe  
  18  1:04  Probe  
  19  1:17  Probe  
  20  1:26  Cybernetics Core  
  20  1:36  Nexus  
  20  1:40  Pylon  
  20  1:42  Probe  
  21  1:48  Assimilator  
  21  1:53  Adept  
  21  1:55  Probe  
  22  2:04  Warp Gate  
  22  2:07  Probe  
  25  2:14  Stalker  
  24  2:19  Probe  
  27  2:31  Probe  
  27  2:34  Robotics Facility  
  28  2:43  Stalker, Probe  
  31  2:44  Probe  
  32  2:52  Probe  
  32  2:55  Probe  
  34  3:02  Probe  
  35  3:08  Probe  
  36  3:14  Probe, Gateway, Observer  
  36  3:16  Gateway  
  36  3:17  Sentry  
  39  3:20  Probe  
  39  3:24  Pylon  
  41  3:27  Probe  
  41  3:32  Observer, Probe  
  43  3:35  Pylon  
  43  3:39  Probe  
  45  3:44  Probe, Assimilator  
  46  3:49  Probe  
  46  3:50  Assimilator  
  46  3:54  Stalker  
  49  3:56  Probe  
  49  3:58  Probe  
  51  4:06  Probe  
  51  4:08  Probe  
  52  4:15  Twilight Council  
  53  4:18  Probe  
  53  4:20  Probe  
  55  4:26  Forge  
  55  4:30  Probe, Warp Prism  
  56  4:32  Probe  
  59  4:42  Charge  
  59  4:44  Probe x2  
  60  4:46  Protoss Ground Armor Level 1  
  60  4:52  Pylon  
  60  4:54  Templar Archives  
  60  4:59  Sentry  
  62  5:04  Pylon  
  62  5:05  Observer  
  62  5:06  Pylon  
  62  5:10  Gateway  
  63  5:16  Gateway  
  63  5:18  Gateway  
  63  5:20  Gateway  
  63  5:23  Gateway  
  63  5:32  High Templar  
  63  5:35  High Templar  
  67  5:36  Zealot  
  67  5:42  Observer  
  69  5:46  Archon  
  69  5:49  Probe  
  69  5:50  Probe  
  69  5:55  Pylon  
  70  5:57  Zealot  
  70  5:59  Pylon  
  72  6:06  Zealot, High Templar  
  76  6:14  Zealot x3, High Templar  
  83  6:19  Zealot x2, Archon  
  83  6:21  Pylon  
  87  6:32  Pylon  
  85  6:44  Zealot x5, Observer, High Templar x2  
  99  6:50  Stalker  
  91  7:10  Zealot x3  
  91  7:11  Zealot x2  
  85  7:25  Probe  
  85  7:28  Probe  
  85  7:33  Probe  
  86  7:41  Probe  
  86  7:43  Probe  
  88  7:53  Probe  
  88  8:00  Probe  
  88  8:01  Photon Cannon  
  89  8:07  Observer, Probe  
  89  8:11  Stalker  
  89  8:12  Probe, Stalker  
  95  8:16  Probe  
  95  8:20  Probe  
  95  8:25  Psionic Storm, Probe  
  95  8:28  Probe  
  95  8:33  Probe  
  97  8:38  Probe  
  99  8:46  Probe  
  100  8:50  Probe  
  100  8:52  Zealot x4  
  100  8:55  Pylon  
  109  9:05  Pylon  
  109  9:09  Probe x2  
  110  9:16  Zealot, High Templar x2  
  110  9:17  Zealot  
  114  9:34  Stalker x3  
  114  9:35  Stalker  
  110  9:40  Zealot x2  
  104  9:59  Stalker  
  90  10:00  Stalker x4  
  98  10:14  Observer  
  98  10:15  Probe x2  
  98  10:16  Gateway  
  96  10:29  Zealot x2  
  96  10:30  Zealot x3  
  86  11:02  Zealot x3, High Templar x2  
  96  11:07  Archon  
  80  11:32  Probe x2  
  82  11:37  Pylon  
  82  11:40  Zealot, High Templar  
  86  11:47  Archon  
  86  12:00  Pylon  
  86  12:02  Sentry  
  88  12:08  Photon Cannon  
  88  12:10  Photon Cannon  
  88  12:13  Zealot, High Templar  
  88  12:15  Zealot  
  94  12:18  Zealot  
  96  12:23  High Templar  
  96  12:26  Shield Battery  
  98  12:37  Stalker x3  
  90  13:07  Stalker x5  
  90  13:10  Stalker  
  97  13:23  Warp Prism  
  81  13:41  High Templar x2  
  81  13:42  High Templar  
  81  13:43  Zealot x3  
  93  13:53  Observer  
  84  14:08  Observer  
  74  14:13  Zealot x4  
  74  14:14  Zealot x2  
  87  14:49  Zealot x6  
  91  15:10  Archon  
  83  15:17  Zealot x6  

Tags
 
Add a new tag
Caveats
  • Supply blocks, unpowered buildings, or Contaminate may cause inaccurate times.
  • Supply counts are checked every 10 seconds.